 Dungeon Crawl Stone Soup version 0.29.1-12-g30fa7ad0bf (webtiles) character file.

Game seed: 16112957027442712250

18 DocClef the Shield-Bearer (level 2, -5/29 HPs)
             Began as a Gnoll Fighter on Jan 11, 2023.
             Slain by a gnoll
             ... wielding a +0 halberd
              (13 damage)
             ... on level 2 of the Dungeon.
             The game lasted 00:00:20 (394 turns).

DocClef the Shield-Bearer (Gnoll Fighter)            Turns: 394, Time: 00:00:20

Health: -5/29      AC:  7    Str: 15    XL:     2   Next: 66%
Magic:  2/2        EV:  9    Int:  7    God:
Gold:   24         SH:  5    Dex: 11    Spells: 2/2 levels left

rFire   . . .      SeeInvis .   a - +0 war axe
rCold   . . .      Faith    .   c - +0 buckler
rNeg    . . .      Spirit   .   b - +0 scale mail
rPois   .          Reflect  .   (no helmet)
rElec   .          Harm     .   (no cloak)
rCorr   .          Rampage  .   (no gloves)
Will    .....                   (no boots)
Stlth   ..........              (no amulet)
HPRegen 0.09/turn               (no ring)
MPRegen 0.08/turn               (no ring)

@: no status effects
A: fangs 1, strong nose, distributed training
a: no special abilities


You were on level 2 of the Dungeon.
You visited 1 branch of the dungeon, and saw 2 of its levels.

You collected 24 gold pieces.

Inventory:

Hand Weapons
 a - a +0 war axe (weapon)
Armour
 b - a +0 scale mail (worn)
 c - a +0 buckler (worn)
Scrolls
 e - a scroll of enchant weapon {unknown}
Potions
 d - 2 potions of might
 f - a potion of heal wounds {unknown}
 g - a potion of brilliance {unknown}


   Skills:
 + Level 6.5 Fighting
 + Level 0.5 Short Blades
 + Level 0.5 Long Blades
 + Level 4.5 Axes
 + Level 0.5 Maces & Flails
 + Level 0.5 Polearms
 + Level 0.5 Staves
 + Level 0.5 Ranged Weapons
 + Level 0.5 Throwing
 + Level 6.5 Armour
 + Level 0.5 Dodging
 + Level 0.5 Stealth
 + Level 6.5 Shields
 + Level 0.5 Unarmed Combat
 + Level 0.5 Spellcasting
 + Level 0.3 Conjurations
 + Level 0.3 Hexes
 + Level 0.3 Summonings
 + Level 0.3 Necromancy
 + Level 0.3 Translocations
 + Level 0.3 Transmutations
 + Level 0.3 Fire Magic
 + Level 0.3 Ice Magic
 + Level 0.3 Air Magic
 + Level 0.3 Earth Magic
 + Level 0.3 Poison Magic
 + Level 0.6 Invocations
 + Level 0.5 Evocations


You had 2 spell levels left.
You didn't know any spells.
Your spell library was empty.

Dungeon Overview and Level Annotations

Branches:
Dungeon (1/15)

Altars:


Innate Abilities, Weirdness & Mutations

You have very sharp teeth.
Your uncanny sense of smell can sniff out nearby items.
Your experience applies equally to all skills.


Message History

Found a stone staircase leading down.
Found a stone staircase leading down.
A gnoll comes into view. It is wielding a +0 halberd.
The gnoll shouts!
There is a stone staircase leading down here.
A gnoll is nearby! 2 gnolls come into view.
The gnoll shouts! x2
The gnoll hits you with a +0 halberd.
You completely miss the gnoll. You slash the gnoll!
The gnoll is almost dead.
The gnoll hits you but does no damage. The gnoll hits you with a +0 whip.
You block the gnoll's attack.
You closely miss the gnoll.
The gnoll is almost dead.
The gnoll barely misses you.
The gnoll hits you from afar with a +0 halberd.
You hit the gnoll but do no damage.
The gnoll is almost dead.
The gnoll barely misses you. The gnoll closely misses you.
You slash the gnoll!
You kill the gnoll!
The gnoll completely misses you. The gnoll hits you but does no damage.
The gnoll barely misses you.
Things that are here:
a +0 whip; a gnoll corpse You closely miss the gnoll.
The gnoll hits you with a +0 halberd!
You are too injured to fight recklessly!
You are too injured to fight recklessly!
You are too injured to fight recklessly!
You hit the gnoll but do no damage. You block the gnoll's attack.
You hit the gnoll.
The gnoll is moderately wounded.
The gnoll hits you with a +0 halberd.
* * * LOW HITPOINT WARNING * * *
You closely miss the gnoll. You bite the gnoll, but do no damage.
The gnoll is moderately wounded.
You block the gnoll's attack. The gnoll hits you with a +0 halberd!
You die...

#.##.# #......###
#.##.# #.####.##.
#..#.# #.####.#.#
#.#..# #.......##
##.#.# ######.#..
#.#.### #.#.# #.....#
#..##
#######..>..######.#.#
#..gg@.............##.
#.#####.............(#
#.....#.#####.#.#
#..#.#..# #....
#..#.##.# #.... .....#
># #.... .#..#.# #
#.... .# #.... ∆ #.##.


You could see 2 gnolls.

Vanquished Creatures
  A gnoll (D:2)
  2 hobgoblins (D:2)
  A quokka (D:2)
  2 bats (D:2)
  A frilled lizard (D:2)
  A goblin (D:2)
  A rat (D:2)
9 creatures vanquished.

Notes
Turn   | Place    | Note
-------+----------+-------------------------------------------
     0 | D:1      | DocClef the Gnoll Fighter began the quest for the Orb.
     0 | D:1      | Reached XP level 1. HP: 23/23 MP: 1/1
    27 | D:1      | You fall into a shaft and drop 1 floor!
   184 | D:2      | Found a faded altar of an unknown god.
   327 | D:2      | Reached XP level 2. HP: 29/29 MP: 2/2
   394 | D:2      | Slain by a gnoll

Illustrated notes

Levels and vault maps discovered:
D:1:      lemuel_arrival_cross, layout_basic, serial_bayou, serial_bayou_ford_a,
          serial_bayou_shore_b, serial_bayou_lagoon_a, serial_bayou_pond_a,
          serial_bayou_shore_b, serial_bayou_pond_d
D:2:      layout_loops_ring, hellmonk_ecumenical_altar_arch_garden,
          serial_shops, shop

Action                   || total
-------------------------++-------
Melee: War axe           ||    25
       Bite              ||     3
Armor: Scale mail        ||     7
Dodge: Dodged            ||    14
Block: Buckler           ||     5
